 Dungeon Crawl Stone Soup version 0.28-a0-1199-gef9e1dbd39 (webtiles) character file.

Game seed: 11330925572588216982

37 Fortus the Shield-Bearer (level 3, -5/29 HPs)
             Began as a Demonspawn Fighter on Dec 19, 2021.
             Slain by Terence (8 damage)
             ... on level 2 of the Dungeon.
             The game lasted 00:01:54 (1307 turns).

Fortus the Shield-Bearer (Demonspawn Fighter)       Turns: 1307, Time: 00:01:55

Health: -5/29      AC:  8    Str: 18    XL:     3   Next: 23%
Magic:  3/3        EV:  9    Int:  9    God:
Gold:   76         SH:  4    Dex: 12    Spells: 2/2 levels left

rFire   . . .      SeeInvis .   a - +0 long sword
rCold   . . .      Faith    .   c - +0 buckler
rNeg    . . .      Spirit   .   b - +0 scale mail
rPois   .          Reflect  .   (no helmet)
rElec   .          Harm     .   (no cloak)
rCorr   .          Rampage  .   (no gloves)
Will    .....                   (no boots)
Stlth   ..........              (no amulet)
HPRegen 0.09/turn               (no ring)
MPRegen 0.08/turn               (no ring)

@: no status effects
A: thin metallic scales 1
a: no special abilities


You were on level 2 of the Dungeon.
You visited 1 branch of the dungeon, and saw 2 of its levels.

You collected 76 gold pieces.

Inventory:

Hand Weapons
 a - a +0 long sword (weapon)
Armour
 b - a +0 scale mail (worn)
 c - a +0 buckler (worn)
Scrolls
 h - a scroll of teleportation {unknown}
 i - a scroll of brand weapon {unknown}
 j - a scroll of identify {unknown}
Potions
 d - a potion of might
 e - 2 potions of curing {unknown}
 f - 2 potions of degeneration {unknown}
 g - a potion of brilliance {unknown}


   Skills:
 - Level 3.0 Fighting
 + Level 1.2(1.7) Short Blades
 - Level 1.7(2.0) Long Blades
 - Level 2.6 Armour
 * Level 3.6 Shields


You had 2 spell levels left.
You didn't know any spells.
Your spell library contained the following spells:

 Spells                   Type           Power      Damage    Failure   Level
 Blink                    Tloc           0%         N/A       90%         2
 Lesser Beckoning         Tloc           0%         N/A       99%         3
 Manifold Assault         Tloc           0%         N/A       100%        5


Dungeon Overview and Level Annotations

Branches:
Dungeon (2/15)

Altars:

Shops:
D:2 [

Annotations:
D:2 Terence


Innate Abilities, Weirdness & Mutations

You are partially covered in thin metallic scales. (AC +2)


Message History

You see here a ball python corpse.
Found a dagger.
Terence the Incautious comes into view.
He is wielding a +0 vorpal hand axe.
Found a stone staircase leading down.
Terence shouts!
Terence says, "Rest in peace."
Terence is nearby!
You hit Terence.
Terence is moderately wounded.
Terence hits you with a +0 vorpal hand axe.
You barely miss Terence.
Terence is moderately wounded.
Terence barely misses you.
You barely miss Terence.
Terence is moderately wounded.
Terence barely misses you. x2
You hit Terence.
Terence is heavily wounded.
You block Terence's attack.
You hit Terence.
Terence is severely wounded.
Terence barely misses you.
You hit Terence.
Terence is almost dead.
Terence hits you with a +0 vorpal hand axe. x2
You closely miss Terence.
Terence is almost dead.
Terence hits you with a +0 vorpal hand axe.
You are too injured to fight recklessly!
You barely miss Terence.
Terence is almost dead.
Terence hits you but does no damage.
You barely miss Terence.
Terence is almost dead.
Terence hits you with a +0 vorpal hand axe!
* * * LOW HITPOINT WARNING * * *
x2 You hit Terence.
Terence is almost dead.
Terence hits you with a +0 vorpal hand axe!
You die...

......#####†.....######
#....................#
.#.......|...######.#
####..#######..######.#######
>.$...#######.....<.........#
..............#######>#####.#
####...@......# ###..# #.##
#.########.####....# #..# #.#
#..@@†.#..# #..# ..#
#..######.#####..# ##.#
#..######).......# ..
######.......#.[..###.#
.........###.#....# #.#
######.#.# #....# #.# #.#†#
##∩#.# #.#### #.#.#
#.#.###.##.# #.#.#
#.#...#...#.


You could see Terence.

Vanquished Creatures
  A worm (D:2)
  A dart slug (D:2)
  4 endoplasms
  4 goblins (D:1)
  A hobgoblin (D:1)
  3 jackals (D:1)
  3 kobolds (D:1)
  3 quokkas (D:1)
  5 ball pythons
  A bat (D:1)
  A frilled lizard (D:1)
  A rat (D:2)
28 creatures vanquished.

Notes
Turn   | Place    | Note
-------+----------+-------------------------------------------
     0 | D:1      | Fortus the Demonspawn Fighter began the quest for the Orb.
     0 | D:1      | Reached XP level 1. HP: 18/18 MP: 1/1
   410 | D:1      | Gained mutation: You are partially covered in thin metallic
                  | scales. (AC +2) [demonic ancestry]
   410 | D:1      | Reached XP level 2. HP: 24/24 MP: 2/2
   871 | D:1      | Reached skill level 1 in Short Blades
  1127 | D:2      | Reached XP level 3. HP: 29/29 MP: 3/3
  1187 | D:2      | Found Susat's Antique Armour Shop.
  1211 | D:2      | Found a faded altar of an unknown god.
  1280 | D:2      | Noticed Terence
  1307 | D:2      | Slain by Terence

Illustrated notes

Levels and vault maps discovered:
D:1:      matt_arrival_spirals, layout_loops_ring, minmay_box_of_dots
D:2:      layout_loops_ring, serial_shops, nicolae_shop_behind_doors,
          shop_fountains, shop, nicolae_shop_behind_doors, shop, basic_altar,
          basic_ecumenical_altar, serial_park_tiny_1, chequers_avenue,
          uniq_terence

Skill      XL: |  1  2 |
---------------+-------+-----
Shields        | 3 |  3.6
Short Blades   | 1 |  1.2
Fighting       | |  3.0
Long Blades    | |  1.7
Armour         | |  2.6

Action                   || total
-------------------------++-------
Melee: Long sword        ||   100
Armor: Scale mail        ||    41
Dodge: Dodged            ||    45
Block: Buckler           ||    23

Table legend: (Time is in decaauts)
 A = Elapsed time spent in this place.
 B = Non-inter-level travel time spent in this place.
 C = Inter-level travel time spent in this place.
 D = Time resting spent in this place.
 E = Time spent auto-exploring this place.
 F = Levels seen in this place.
 G = Mean time per level.
                   A        B        C        D        E       F      G
               +--------+--------+--------+--------+--------+-----+--------+
         Total |   1337 |   1335 |      2 |      0 |   1098 |   2 |  668.5 |
       Dungeon |   1337 |   1335 |      2 |      0 |   1098 |   2 |  668.5 |
               +--------+--------+--------+--------+--------+-----+--------+

Top non-repeatable levels by time:
     D:1: 1139 daAuts
     D:2: 198 daAuts
